 Dungeon Crawl Stone Soup version 0.18-a0-955-g171f012 (webtiles) character file.

42 Oddball22 the Sneak (level 3, -1/17 HPs)
             Began as a Spriggan Artificer on Dec 31, 2015.
             Slain by an adder (3 damage)
             ... on level 2 of the Dungeon.
             The game lasted 00:02:50 (1663 turns).

Oddball22 the Sneak (Spriggan Artificer)            Turns: 1663, Time: 00:02:50

Health: -1/17      AC:  2    Str:  7    XL:     3   Next: 33%
Magic:  7/7        EV: 18    Int: 13    God:
Gold:   26         SH:  0    Dex: 17    Spells: 0 memorised, 2 levels left

rFire  . . .     SeeInvis +     a - +0 short sword
rCold  . . .     Gourm    .     b - +0 robe
rNeg   . . .     Faith    .     (shield restricted)
rPois  .         Spirit   .     (helmet restricted)
rElec  .         Dismiss  .     (no cloak)
rCorr  .         Reflect  .     (gloves unavailable)
SustAt .         Harm     .     (boots unavailable)
MR     .....                    (no amulet)
Stlth  +++.......               (no ring)
                                (no ring)

@: very quick, not resistant to hostile enchantments, fairly stealthy
A: unfitting armour, see invisible, herbivore 3, speed 3, slow metabolism 2
a: no special abilities


You were on level 2 of the Dungeon.
You were not hungry.

You visited 1 branch of the dungeon, and saw 2 of its levels.

You collected 26 gold pieces.

Inventory:

Hand Weapons
 a - a +0 short sword (weapon)
Armour
 b - a +0 robe (worn)
Jewellery
 g - a cursed ring of teleportation {unknown}
Wands
 c - a wand of flame (15/48)
 d - a wand of enslavement (15/24)
 e - a wand of random effects (15/48)
Scrolls
 j - 2 scrolls of remove curse {unknown}
 k - a scroll of recharging {unknown}
Potions
 i - a potion of agility {unknown}
Comestibles
 f - 2 bread rations
 h - 3 fruits


   Skills:
 - Level 0.7 Fighting
 - Level 1.1 Short Blades
 - Level 3.0 Dodging
 + Level 5.3 Stealth
 - Level 4.0 Evocations


You had 2 spell levels left.
You didn't know any spells.

Dungeon Overview and Level Annotations

Branches:
Dungeon (2/15)

Altars:
Ashenzari
Makhleb
Xom


Innate Abilities, Weirdness & Mutations

You are tiny and cannot use many weapons and most armour.
You have supernaturally acute eyesight.
You are a herbivore.
You cover ground extremely quickly.
You need consume almost no food.


Message History

You closely miss the adder.
The adder is heavily wounded.
The adder barely misses you. The rat bites you. The adder closely misses you.
You miss the adder.
The adder is heavily wounded.
The rat completely misses you. The adder bites you.
* * * LOW HITPOINT WARNING * * *
You barely miss the adder.
The adder is heavily wounded.
The rat completely misses you. The adder barely misses you.
You miss the adder.
The adder is heavily wounded.
The adder closely misses you. The rat closely misses you.
The adder closely misses you.
You closely miss the adder.
The adder is heavily wounded.
The rat bites you.
* * * LOW HITPOINT WARNING * * *
The adder bites you.
You die...

..........÷...........
.........)...........#
......#..........#...#
......#..............
......##.#.........#
......##.#.........#
.........#.........#
...................###.#
................@r......
.............###S#.#.#..
....#........#.>g..#
..###...........)†.#
....####..............
...... ...............r.
...... ...(............#
...... ...###?.......#
...... ### ##.......#


You could see an adder, a goblin and a rat.

Vanquished Creatures
  An adder (D:2)
  A worm (D:2)
  2 giant cockroaches
  3 goblins (D:2)
  8 hobgoblins
  A bat (D:1)
  3 giant geckos
  4 kobolds
  3 rats
26 creatures vanquished.

Notes
Turn   | Place    | Note
--------------------------------------------------------------
     0 | D:1      | Oddball22 the Spriggan Artificer began the quest for the Orb.
     0 | D:1      | Reached XP level 1. HP: 9/9 MP: 4/4
   304 | D:1      | Reached XP level 2. HP: 14/14 MP: 6/6
  1021 | D:2      | Reached XP level 3. HP: 17/17 MP: 7/7
  1194 | D:2      | Found a shattered altar of Ashenzari.
  1194 | D:2      | Found a burning altar of Makhleb.
  1195 | D:2      | Found a shimmering altar of Xom.
  1217 | D:2      | Reached skill level 5 in Stealth
  1663 | D:2      | Slain by an adder

Vault maps used:
D:1:      tarquinn_simple_flora_water_a
D:2:      gammafunk_temple_overflow_claw, led_sif_pool, first_bread,
          fountainhead, kennysheep_potato

Action                   || total
-------------------------++-------
Melee: Short sword       ||   113
 Stab: Sleeping          ||     6
